[ AOE2 MATCH · #495855977 ]
UnrankedBohemians vs Bengalis
Player's team · LOSS
Rival team · WIN
[ REPLAY ANALYSIS · EXTRACTED FROM THE RECORDED GAME ]
Feudal
9:20
Castle
22:12
Imperial
36:22
| APM avg | 44.0 |
| APM peak | 102 |
| eAPM avg | 22.3 |
| Villagers / military | 156 / 298 |
Focus
⚔️ 34.5% · 🌾 65.5%
Spearman ×104 · Skirmisher ×70 · Hussite Wagon ×53 · Hand Cannoneer ×33 · Bombard Cannon ×17 · Archer ×8
Feudal
8:51
Castle
22:56
Imperial
36:34
| APM avg | 50.7 |
| APM peak | 85 |
| eAPM avg | 29.2 |
| Villagers / military | 196 / 389 |
Focus
⚔️ 43.2% · 🌾 56.8%
Scout Cavalry ×213 · Skirmisher ×107 · Archer ×39 · Monk ×19 · Trebuchet (Packed) ×11
Match map
Initial resources + every placement click. Lines = walls · curves = elevation contours. ◆ gold · ⬟ stone · ● berries · ✦ relic · ◌ wall gap
Your base· ✓ Closed at 22:12 · 18t walls · 3 gate(s)
MrGrumpyFace's base· ✓ Closed at 22:56 · 36t walls · 1 gate(s)
Smoothed initial terrain · ◌ = detected wall gap · hover for details
Inputs per minute
— Dry Psyduck - - MrGrumpyFace
Build order — Dry Psyduck
First 150 of 490 actions detected
| 0:00 | Queue | Villager (Male) |
| 0:01 | Queue | Villager (Male) |
| 0:01 | Queue | Villager (Male) |
| 0:02 | Build | House |
| 0:04 | Build | House |
| 0:24 | Queue | Villager (Male) |
| 1:24 | Queue | Villager (Male) |
| 1:24 | Queue | Villager (Male) |
| 1:52 | Build | Lumber Camp |
| 1:58 | Queue | Villager (Male) |
| 1:58 | Queue | Villager (Male) |
| 2:16 | Queue | Villager (Male) |
| 2:42 | Queue | Villager (Male) |
| 2:42 | Queue | Villager (Male) |
| 3:15 | Queue | Villager (Male) |
| 3:15 | Queue | Villager (Male) |
| 3:39 | Queue | Villager (Male) |
| 3:39 | Queue | Villager (Male) |
| 3:43 | Build | House |
| 3:58 | Queue | Villager (Male) |
| 4:20 | Build | Mill |
| 4:30 | Queue | Villager (Male) |
| 4:30 | Queue | Villager (Male) |
| 5:18 | Queue | Villager (Male) |
| 5:21 | Queue | Villager (Male) |
| 5:21 | Queue | Villager (Male) |
| 5:50 | Queue | Villager (Male) |
| 5:58 | Build | House |
| 6:34 | Build | Barracks |
| 6:36 | Research | Loom |
| 6:46 | Build | Palisade Wall |
| 7:10 | Research | Feudal Age |
| 7:35 | Build | Mining Camp |
| 7:45 | Queue | Militia |
| 8:09 | Queue | Militia |
| 8:09 | Queue | Militia |
| 8:26 | Build | House |
| 8:37 | Queue | Militia |
| 9:08 | Queue | Villager (Male) |
| 9:20 | Age | Feudal Age |
| 9:23 | Research | Man-at-Arms (upgrade) |
| 9:41 | Build | Archery Range |
| 9:53 | Queue | Villager (Male) |
| 9:53 | Queue | Villager (Male) |
| 10:18 | Queue | Villager (Male) |
| 10:18 | Queue | Villager (Male) |
| 10:22 | Queue | Archer |
| 10:22 | Queue | Archer |
| 10:22 | Queue | Archer |
| 10:43 | Queue | Villager (Male) |
| 10:43 | Queue | Villager (Male) |
| 10:54 | Queue | Archer |
| 11:07 | Build | Blacksmith |
| 11:11 | Queue | Villager (Male) |
| 11:11 | Queue | Villager (Male) |
| 11:14 | Queue | Villager (Male) |
| 11:30 | Queue | Archer |
| 11:46 | Build | House |
| 11:50 | Build | House |
| 11:55 | Research | Double-Bit Axe |
| 12:00 | Research | Fletching |
| 12:10 | Queue | Villager (Male) |
| 12:10 | Queue | Villager (Male) |
| 12:15 | Queue | Archer |
| 12:43 | Queue | Villager (Male) |
| 12:44 | Queue | Villager (Male) |
| 12:44 | Queue | Villager (Male) |
| 12:49 | Build | Farm |
| 12:50 | Build | Farm |
| 12:51 | Build | Farm |
| 13:22 | Queue | Villager (Male) |
| 13:25 | Build | Farm |
| 13:31 | Build | Lumber Camp |
| 13:32 | Queue | Archer |
| 13:45 | Build | Archery Range |
| 14:19 | Queue | Villager (Male) |
| 14:19 | Queue | Villager (Male) |
| 14:23 | Build | House |
| 14:24 | Build | House |
| 14:42 | Queue | Villager (Male) |
| 14:44 | Queue | Skirmisher |
| 14:45 | Queue | Skirmisher |
| 14:48 | Queue | Skirmisher |
| 14:48 | Queue | Skirmisher |
| 14:59 | Queue | Villager (Male) |
| 15:01 | Build | Farm |
| 15:26 | Queue | Villager (Male) |
| 15:38 | Build | Farm |
| 16:04 | Queue | Archer |
| 16:16 | Queue | Villager (Male) |
| 16:17 | Build | Farm |
| 16:21 | Build | Farm |
| 16:22 | Build | Farm |
| 16:31 | Queue | Villager (Male) |
| 16:33 | Build | Farm |
| 16:40 | Build | Farm |
| 16:44 | Build | Farm |
| 16:45 | Build | Farm |
| 16:58 | Build | Farm |
| 17:00 | Queue | Villager (Male) |
| 17:34 | Queue | Villager (Male) |
| 17:37 | Build | Market |
| 17:44 | Build | Palisade Gate |
| 17:45 | Queue | Villager (Male) |
| 17:54 | Build | House |
| 17:55 | Build | House |
| 17:59 | Build | House |
| 18:06 | Queue | Villager (Male) |
| 18:37 | Queue | Villager (Male) |
| 18:38 | Build | Farm |
| 18:43 | Build | Palisade Gate |
| 18:47 | Build | Palisade Wall |
| 18:50 | Build | Palisade Wall |
| 19:24 | Queue | Villager (Male) |
| 19:26 | Build | Farm |
| 19:32 | Research | Castle Age |
| 19:39 | Build | Farm |
| 19:59 | Build | Palisade Wall |
| 20:04 | Build | Palisade Wall |
| 20:16 | Research | Padded Archer Armor |
| 20:20 | Build | Farm |
| 20:20 | Build | Farm |
| 20:29 | Build | Palisade Gate |
| 21:37 | Build | Stable |
| 21:48 | Research | Wheelbarrow |
| 21:51 | Research | Horse Collar |
| 22:09 | Build | House |
| 22:12 | Age | Castle Age |
| 22:14 | Build | University |
| 22:15 | Research | Bow Saw |
| 22:18 | Queue | Villager (Male) |
| 22:18 | Queue | Villager (Male) |
| 22:24 | Build | Town Center |
| 22:35 | Queue | Scout Cavalry |
| 22:42 | Queue | Villager (Male) |
| 23:01 | Research | Chemistry |
| 23:08 | Build | Archery Range |
| 23:44 | Queue | Villager (Male) |
| 23:46 | Queue | Villager (Male) |
| 23:53 | Build | Siege Workshop |
| 23:54 | Queue | Villager (Male) |
| 24:07 | Queue | Villager (Male) |
| 24:16 | Build | Farm |
| 24:19 | Research | Heavy Plow |
| 24:34 | Queue | Villager (Male) |
| 24:45 | Queue | Mangonel |
| 24:46 | Queue | Mangonel |
| 24:55 | Queue | Hand Cannoneer ×5 |
| 24:55 | Queue | Hand Cannoneer ×5 |
| 24:55 | Queue | Hand Cannoneer ×2 |
Build order — MrGrumpyFace
First 150 of 902 actions detected
| 0:00 | Queue | Villager (Male) |
| 0:01 | Queue | Villager (Male) |
| 0:02 | Build | House |
| 0:02 | Build | House |
| 0:04 | Queue | Villager (Male) |
| 0:10 | Queue | Villager (Male) |
| 1:28 | Queue | Villager (Male) |
| 1:51 | Build | Lumber Camp |
| 1:58 | Queue | Villager (Male) |
| 2:18 | Queue | Villager (Male) |
| 2:48 | Queue | Villager (Male) |
| 3:17 | Queue | Villager (Male) |
| 3:38 | Queue | Villager (Male) |
| 3:55 | Build | House |
| 4:04 | Queue | Villager (Male) |
| 4:16 | Queue | Villager (Male) |
| 4:40 | Build | Mill |
| 4:46 | Queue | Villager (Male) |
| 5:16 | Queue | Villager (Male) |
| 5:23 | Research | Loom |
| 6:02 | Queue | Villager (Male) |
| 6:06 | Build | House |
| 6:39 | Research | Feudal Age |
| 7:13 | Build | Lumber Camp |
| 7:37 | Build | House |
| 7:45 | Build | Palisade Wall |
| 8:37 | Build | Barracks |
| 8:50 | Build | Palisade Wall |
| 8:51 | Age | Feudal Age |
| 8:52 | Queue | Villager (Male) |
| 9:19 | Queue | Villager (Male) |
| 9:42 | Build | Archery Range |
| 9:44 | Queue | Villager (Male) |
| 9:50 | Build | Palisade Wall |
| 9:53 | Build | Palisade Wall |
| 9:55 | Queue | Villager (Male) |
| 10:12 | Queue | Villager (Male) |
| 10:19 | Queue | Skirmisher |
| 10:26 | Build | Palisade Wall |
| 10:31 | Queue | Villager (Male) |
| 10:55 | Queue | Skirmisher |
| 10:57 | Build | House |
| 11:07 | Research | Double-Bit Axe |
| 11:08 | Queue | Villager (Male) |
| 11:10 | Build | Palisade Wall |
| 11:20 | Build | House |
| 11:29 | Research | Horse Collar |
| 11:30 | Queue | Villager (Male) |
| 11:44 | Build | Farm |
| 11:46 | Build | Farm |
| 11:47 | Build | Farm |
| 12:01 | Build | Farm |
| 12:06 | Build | House |
| 12:14 | Queue | Villager (Male) |
| 12:27 | Build | Farm |
| 12:31 | Build | Farm |
| 12:35 | Queue | Villager (Male) |
| 12:35 | Queue | Villager (Male) |
| 12:39 | Build | Farm |
| 13:00 | Build | House |
| 13:03 | Build | House |
| 13:17 | Build | Farm |
| 13:21 | Build | Farm |
| 13:22 | Queue | Villager (Male) |
| 13:25 | Queue | Villager (Male) |
| 13:31 | Build | House |
| 13:35 | Queue | Skirmisher |
| 13:35 | Queue | Archer |
| 13:35 | Queue | Skirmisher |
| 13:49 | Build | Farm |
| 13:54 | Queue | Skirmisher |
| 14:05 | Queue | Villager (Male) |
| 14:16 | Queue | Villager (Male) |
| 14:19 | Build | Blacksmith |
| 14:33 | Build | Farm |
| 14:38 | Build | Farm |
| 14:40 | Queue | Villager (Male) |
| 14:46 | Build | Farm |
| 15:01 | Build | Mining Camp |
| 15:08 | Queue | Villager (Male) |
| 15:09 | Queue | Skirmisher |
| 15:15 | Build | House |
| 15:28 | Build | Farm |
| 15:28 | Queue | Villager (Male) |
| 15:29 | Queue | Skirmisher |
| 15:46 | Queue | Villager (Male) |
| 15:49 | Build | House |
| 15:54 | Research | Fletching |
| 15:54 | Research | Fletching |
| 16:02 | Build | Farm |
| 16:04 | Queue | Villager (Male) |
| 16:11 | Queue | Skirmisher |
| 16:22 | Queue | Villager (Male) |
| 16:24 | Queue | Skirmisher |
| 16:39 | Build | Farm |
| 16:44 | Queue | Villager (Male) |
| 16:49 | Queue | Skirmisher |
| 16:56 | Build | Farm |
| 17:09 | Build | Farm |
| 17:15 | Queue | Skirmisher |
| 17:22 | Build | House |
| 17:28 | Queue | Villager (Male) |
| 17:32 | Queue | Villager (Male) |
| 17:37 | Build | Palisade Wall |
| 17:39 | Queue | Skirmisher |
| 17:45 | Build | Farm |
| 17:57 | Queue | Skirmisher |
| 18:09 | Build | Farm |
| 18:36 | Queue | Villager (Male) |
| 18:47 | Research | Wheelbarrow |
| 18:47 | Research | Wheelbarrow |
| 18:49 | Queue | Skirmisher |
| 19:00 | Build | Palisade Wall |
| 19:14 | Queue | Villager (Male) |
| 19:38 | Build | Archery Range |
| 20:03 | Research | Castle Age |
| 20:05 | Queue | Skirmisher |
| 20:26 | Research | Padded Archer Armor |
| 20:26 | Research | Padded Archer Armor |
| 20:29 | Queue | Skirmisher |
| 20:38 | Queue | Skirmisher |
| 20:56 | Queue | Skirmisher |
| 20:56 | Queue | Skirmisher |
| 20:59 | Queue | Villager (Male) |
| 21:08 | Queue | Skirmisher |
| 21:27 | Build | Palisade Gate |
| 21:30 | Build | Palisade Wall |
| 21:46 | Queue | Skirmisher |
| 22:00 | Queue | Skirmisher |
| 22:15 | Queue | Skirmisher |
| 22:28 | Queue | Skirmisher |
| 22:41 | Build | House |
| 22:46 | Build | House |
| 22:47 | Build | House |
| 22:48 | Build | House |
| 22:53 | Build | House |
| 22:54 | Queue | Skirmisher |
| 22:56 | Age | Castle Age |
| 23:00 | Build | Town Center |
| 23:08 | Research | Bodkin Arrow |
| 23:08 | Research | Bodkin Arrow |
| 23:09 | Research | Leather Archer Armor |
| 23:09 | Research | Leather Archer Armor |
| 23:26 | Build | House |
| 23:31 | Queue | Villager (Male) |
| 23:53 | Research | Town Watch |
| 23:53 | Queue | Villager (Male) |
| 23:59 | Queue | Villager (Male) |
| 24:00 | Queue | Villager (Male) |
| 24:14 | Queue | Villager (Male) |
Match timeline
| 6:34 | Dry Psyduck · first_building Barracks |
| 6:46 | Dry Psyduck · wall_segment Palisade Wall x1 |
| 7:45 | MrGrumpyFace · wall_segment Palisade Wall x4 |
| 8:37 | MrGrumpyFace · first_building Barracks |
| 8:50 | MrGrumpyFace · wall_segment Palisade Wall x7 |
| 8:51 | MrGrumpyFace · age_up feudal |
| 9:20 | Dry Psyduck · age_up feudal |
| 9:41 | Dry Psyduck · first_building Archery Range |
| 9:42 | MrGrumpyFace · first_building Archery Range |
| 9:50 | MrGrumpyFace · wall_segment Palisade Wall x4 |
| 9:53 | MrGrumpyFace · wall_segment Palisade Wall x7 |
| 10:26 | MrGrumpyFace · wall_segment Palisade Wall x13 |
| 11:10 | MrGrumpyFace · wall_segment Palisade Wall x1 |
| 17:37 | MrGrumpyFace · wall_segment Palisade Wall x1 |
| 18:47 | Dry Psyduck · wall_segment Palisade Wall x3 |
| 18:50 | Dry Psyduck · wall_segment Palisade Wall x1 |
| 18:59 | Dry Psyduck · first_market_buy 100 food |
| 19:00 | MrGrumpyFace · wall_segment Palisade Wall x1 |
| 19:59 | Dry Psyduck · wall_segment Palisade Wall x5 |
| 20:04 | Dry Psyduck · wall_segment Palisade Wall x8 |
| 21:30 | MrGrumpyFace · wall_segment Palisade Wall x1 |
| 21:37 | Dry Psyduck · first_building Stable |
| 22:12 | Dry Psyduck · age_up castle |
| 22:56 | MrGrumpyFace · age_up castle |
| 23:53 | Dry Psyduck · first_building Siege Workshop |
| 27:22 | MrGrumpyFace · first_building Siege Workshop |
| 30:35 | MrGrumpyFace · first_building Castle |
| 30:44 | Dry Psyduck · wall_segment Palisade Wall x1 |
| 30:45 | Dry Psyduck · wall_segment Palisade Wall x1 |
| 32:39 | Dry Psyduck · first_building Castle |
| 33:02 | Dry Psyduck · first_market_sell 100 food |
| 33:14 | MrGrumpyFace · first_market_buy 100 food |
| 34:36 | MrGrumpyFace · first_building Monastery |
| 35:59 | MrGrumpyFace · first_building Stable |
| 36:22 | Dry Psyduck · age_up imperial |
| 36:34 | MrGrumpyFace · age_up imperial |
| 37:03 | MrGrumpyFace · first_market_sell 100 wood |
| 58:52 | Dry Psyduck · resign |
[ AI ANALYSIS · 1 CREDIT ]
What really happened in this match?
Wolo.gg analyzes every decision: build order, eco, micro, common mistakes by bracket. Personalized analysis on WhatsApp or Discord in 30 seconds.
Civ guide
Bohemians
Perfil
Jugador #1888360